 Dungeon Crawl Stone Soup version 0.31.0-9-g3a7656b989 (webtiles) character file.

Game seed: 15120280443051104759

197 Amplified the Trooper (level 5, 0/69 HPs)
             Began as a Draconian Fighter on Jan 25, 2024.
             Was a Follower of Ru.
             Incinerated by a bombardier beetle (3 damage)
             ... with a burning spray
             ... on level 3 of the Dungeon.
             The game lasted 00:03:30 (1913 turns).

Amplified the Trooper (Draconian Fighter)           Turns: 1913, Time: 00:03:31

Health: 0/69       AC: 22    Str: 19    XL:     5   Next: 46%
Magic:  5/5        EV:  2    Int: 13    God:    Ru [*.....]
Gold:   170        SH:  4    Dex:  9    Spells: 4/4 levels left

rFire   . . .        a - +1 war axe (freeze)
rCold   . . .        b - +0 buckler
rNeg    . . .        (body armour unavailable)
rPois   +            (helmet currently unavailable)
rElec   .            (cloak currently unavailable)
rCorr   .            (gloves currently unavailable)
SInv    .            (boots currently unavailable)
Will    +....        (no amulet)
Stlth   +            (no ring)
HPRegen 0.31/turn    (no ring)
MPRegen 0.09/turn

%: random rage (3%)
@: on fire, tree-form, glowing
A: stationary, stasis, torment immunity, boosted hp, AC +5, unfitting armour,
(cold-blooded), unskilled 1, berserk 1, clever 1, strong-willed 1
a: Renounce Religion


You were on level 3 of the Dungeon.
You worshipped Ru.
Ru was aware of your devotion.
You were a tree.
You visited 1 branch of the dungeon, and saw 3 of its levels.

You collected 170 gold pieces.

Inventory:

Hand Weapons
 a - a +1 war axe of freezing (weapon)
Armour
 b - a +0 buckler (worn)
Wands
 c - a wand of flame (20)
Scrolls
 f - a scroll of identify


   Skills:
 * Level 4.2 Fighting
 * Level 3.1 Axes
 + Level 2.9 Dodging
 * Level 3.7 Shields


You had 4 spell levels left.
You didn't know any spells.
Your spell library contained the following spells:

 Spells                   Type           Power      Damage    Failure   Level
 Dazzling Flash           Conj/Hex       0%         N/A       75%         3
 Fugue of the Fallen      Necr           0%         N/A       75%         3
 Ozocubu's Armour         Ice            0%         N/A       75%         3
 Volatile Blastmotes      Fire/Tloc      0%         2d10      75%         3
 Manifold Assault         Tloc           0%         N/A       98%         4
 Starburst                Conj/Fire      0%         6d3       100%        6
 Maxwell's Capacitive Co  Air            0%         ∞         100%        8


Dungeon Overview and Level Annotations

Branches:
Dungeon (3/15)

Altars:
Ashenzari
Okawaru
Ru

Shops:
D:3 ?


Innate Abilities, Weirdness & Mutations

You are a tree.
Your roots penetrate the ground, keeping you stationary.
You cannot be teleported.
You are immune to unholy pain and torment.
Your maximum health is greatly increased.
Your equipment is partially melded.
((Your plain brown scales are hard. (AC +5)))
You cannot fit into any form of body armour.
((You are cold-blooded and may be slowed by cold attacks.))
You are somewhat unskilled. (-1 Apt)
You sometimes lose your temper in combat.
Your mind is acute. (Int +4, Str/Dex -1)
You are strong-willed. (Will+)


Message History

You are on fire!
Unknown command.
The liquid fire burns you! The liquid fire burns you!
The liquid fire burns you! The liquid fire burns you!
The liquid fire burns you! The liquid fire burns you!
The liquid fire burns you! The liquid fire burns you!
The liquid fire burns you!
* * * LOW HITPOINT WARNING * * *
It was a potion of curing.
You feel better. The liquid fire burns you!
Unknown command.
The liquid fire burns you! The liquid fire burns you!
* * * LOW HITPOINT WARNING * * *
Unknown command.
The liquid fire burns you!
* * * LOW HITPOINT WARNING * * *
Unknown command.
The liquid fire burns you!
* * * LOW HITPOINT WARNING * * *
Unknown command.
The liquid fire burns you!
* * * LOW HITPOINT WARNING * * *
Unknown command.
Okay, then.
Okay, then.
Okay, then.
You feel extremely strange.
You feel a little pissed off.
You feel strong-willed.
You feel clever. The liquid fire burns you!
* * * LOW HITPOINT WARNING * * *
Unknown command.
Unknown command.
Okay, then.
The liquid fire burns you!
You die...

... # #... #.# #. ###
#...# #.# #† #...# #.# #.
#...###.### #.
#....##...# #.
#.#.......# #.
#...#...#.# #.
#....#.#..# #.
#.♣...∩...# #. .... .#
#†#..#.#...# #. .....
........#...#..# #.
.....# #.#####...(....#
#..#. ......##.#
####.....# #..#.
.........# #.....# ..#.
...♣...#..# ...... ..#.
..♣.♣.....# #### #.#.
♣.♣.♣....################
#.#.


There were no monsters in sight!

Vanquished Creatures
  A bombardier beetle (D:3)
  Natasha (thrice) (D:2)
  Terence (D:2)
  3 adders
  A dart slug (D:2)
  A ribbon worm (D:2)
  5 bats
  An endoplasm (D:1)
  A giant cockroach (D:1)
  2 hobgoblins
  6 jackals (D:2)
  A quokka (D:3)
  3 ball pythons
  4 frilled lizards (D:2)
  3 kobolds
  2 rats
38 creatures vanquished.

Vanquished Creatures (others)
  A kobold (D:2)
1 creature vanquished.

Grand Total: 39 creatures vanquished

Notes
Turn   | Place    | Note
-------+----------+-------------------------------------------
     0 | D:1      | Amplified the Draconian Fighter began the quest for the
                  | Orb.
     0 | D:1      | Reached XP level 1. HP: 19/19 MP: 1/1
   181 | D:1      | Found a faded altar of an unknown god.
   240 | D:1      | Prayed at the altar of an unknown god.
   240 | D:1      | Became a worshipper of Ru the Awakened
   347 | D:1      | Gained mutation: You are somewhat unskilled. (-1 Apt) [Ru
                  | sacrifice]
   347 | D:1      | Reduced skill Axes to level 1
   347 | D:1      | Reached * piety under Ru
   887 | D:2      | Reached XP level 2. HP: 26/26 MP: 2/2
  1091 | D:2      | Noticed Natasha
  1101 | D:2      | Reached XP level 3. HP: 26/31 MP: 3/3
  1111 | D:2      | Noticed Terence
  1113 | D:2      | Killed Natasha
  1116 | D:2      | Killed Terence
  1117 | D:2      | Reached XP level 4. HP: 30/40 MP: 4/4
  1297 | D:2      | Noticed Natasha
  1304 | D:2      | Killed Natasha
  1355 | D:2      | Noticed Natasha
  1364 | D:2      | Killed Natasha
  1365 | D:2      | Reached skill level 4 in Fighting
  1365 | D:2      | Reached XP level 5. HP: 46/46 MP: 5/5
  1569 | D:3      | Found a broken altar of Ashenzari.
  1712 | D:3      | Found an iron altar of Okawaru.
  1851 | D:3      | Found Kipnin's Magic Scroll Shop.
  1912 | D:3      | Gained mutation: You sometimes lose your temper in combat.
                  | [potion of mutation]
  1912 | D:3      | Gained mutation: You are strong-willed. (Will+) [potion of
                  | mutation]
  1912 | D:3      | Gained mutation: Your mind is acute. (Int +4, Str/Dex -1)
                  | [potion of mutation]
  1912 | D:3      | HP: 3/69 [burnt (5)]
  1913 | D:3      | Incinerated by a bombardier beetle

Illustrated notes

Levels and vault maps discovered:
D:1:      saegor_arrival_under_anarchy, layout_basic,
          ebering_ecumenical_altar_sacrificial
D:2:      layout_basic, uniq_natasha, uniq_terence
D:3:      layout_basic, okawaru_trees_2, mainiacjoe_overflow_cross_hatched,
          lightli_temple_of_fire, serial_shops, nicolae_shop_advertising_works
          [nicolae_subvault_shop_adworks]

Skill      XL: |  1  2  3  4  5 |
---------------+----------------+-----
Axes           | 2 3 |  3.1
Shields        | 2 3 |  3.7
Fighting       | 4 |  4.2
Dodging        | |  2.9

Action                     |  1- 3 |  4- 6 || total
---------------------------+-------+-------++-------
  Melee: War axe           |    65 |    56 ||   121
         Tailslap          |     3 |     3 ||     6
 Invoke: Sacrifice Skill   |     1 |       ||     1
    Use: Scroll            |     5 |     3 ||     8
         Potion            |     1 |     3 ||     4
   Stab: Sleeping          |     1 |       ||     1
 Armour: Skin              |    35 |    36 ||    71
  Dodge: Dodged            |    46 |    39 ||    85
  Block: Buckler           |    20 |    10 ||    30
